 Dungeon Crawl Stone Soup version 0.27-a0-406-g23f261fbd2 (webtiles) character file.

Game seed: 17623249764095984613

60 dickylongcocking the Skirmisher (level 4, -5/37 HPs)
             Began as a Formicid Abyssal Knight on Feb 22, 2021.
             Was a Believer of Lugonu.
             Slain by a lemure (6 damage)
             ... led by Pikel
             ... on level 4 of the Dungeon.
             The game lasted 00:01:55 (1675 turns).

dickylongcocking the Skirmisher (FoAK)              Turns: 1675, Time: 00:01:56

Health: -5/37      AC:  3    Str: 16    XL:     4   Next: 24%
Magic:  5/5        EV: 11    Int: 12    God:    Lugonu [**....]
Gold:   79         SH:  0    Dex: 11    Spells: 3/3 levels left

rFire    . . .     SeeInvis +   a - +1 spear
rCold    . . .     Faith    .   (no shield)
rNeg     . . .     Spirit   .   b - +0 leather armour
rPois    .         Reflect  .   (helmet unavailable)
rElec    .         Harm     .   (no cloak)
rCorr    .         Rampage  .   (no gloves)
Will     .....                  (no boots)
Stlth    +.........             (no amulet)
HPRegen  0.12/turn              (no ring)
MPRegen  0.09/turn              (no ring)

@: brilliant, lethally poisoned (-5 -> -10)
A: permanent stasis, dig shafts and tunnels, four strong arms, antennae 3
a: Dig, Shaft Self, Renounce Religion, Depart the Abyss, Bend Space


You were on level 4 of the Dungeon.
You worshipped Lugonu.
Lugonu was pleased with you.
You visited 1 branch of the dungeon, and saw 3 of its levels.
You visited the Abyss 1 time.

You collected 79 gold pieces.

Inventory:

Hand Weapons
 a - a +1 spear (weapon)
 d - a +2 dagger of flaming
Armour
 b - a +0 leather armour (worn)
Scrolls
 c - a scroll of blinking {unknown}
 e - 3 scrolls of teleportation {unknown}
 f - a scroll of identify {unknown}


   Skills:
 + Level 4.3 Fighting
 + Level 2.8 Polearms
 + Level 2.4 Armour
 + Level 1.3 Dodging
 + Level 0.2 Stealth
 + Level 2.4 Invocations


You had 3 spell levels left.
You didn't know any spells.
Your spell library was empty.

Dungeon Overview and Level Annotations

Branches:
Dungeon (2/15)

Altars:

Annotations:
D:4 Pikel


Innate Abilities, Weirdness & Mutations

You cannot be hasted, slowed, berserked, paralysed or teleported.
You can dig through walls and to a lower floor.
Your four strong arms can wield two-handed weapons with a shield.
You have a pair of large antennae on your head. (SInv)


Message History

The lemure barely misses you. The lemure hits you.
You see here 12 gold pieces.
An adder comes into view.
A hound comes into view.
The lemure hits you.
The adder moves out of view.
The hound moves out of view.
Found an escape hatch in the ceiling.
An orc comes into view. It is wielding a +0 dagger.
The adder hisses angrily.
The orc shouts!
The hound bites you.
You see here an inky potion.
g - an inky potion The hound bites you but does no damage. x2; The adder bites you.
You are poisoned.
The adder poisons you!
Pikel says, "You'll feel the lick of my whip!"
The lemure misses you.
It was a potion of brilliance.
You feel clever all of a sudden.
You feel sick. The hound bites you. The adder bites you.
* * * LOW HITPOINT WARNING * * *
You are more poisoned.
The adder poisons you! The lemure completely misses you.
Pikel cracks his whip.
The lemure completely misses you.
You hit the adder but do no damage. The hound bites you but does no damage.
The adder bites you but does no damage. The hound bites you.
* * * LOW HITPOINT WARNING * * *
Unknown command.
You hit the adder.
The adder is heavily wounded.
You feel sick. The adder bites you.
* * * LOW HITPOINT WARNING * * *
The lemure hits you.
* * * LOW HITPOINT WARNING * * *
The hound bites you.
* * * LOW HITPOINT WARNING * * *
You hit the adder.
You kill the adder!
Lugonu accepts your kill. The hound barely misses you. The lemure hits you.
You die...

######.#
##5@†o..#
#5K#h...#
####55#.#.##
#...$##.# ..
#.......# #.#
#..............
#
#.##.##########
# ##


You could see Pikel, 4 lemures, a hound and an orc.

Vanquished Creatures
  3 adders
  An ooze (D:1)
  A leopard gecko (D:1)
  7 bats (D:1)
  2 giant cockroaches (D:1)
  6 goblins
  5 hobgoblins (D:1)
  5 kobolds (D:1)
  A quokka (D:2)
  3 frilled lizards
  3 rats (D:2)
37 creatures vanquished.

Notes
Turn   | Place    | Note
-------+----------+-------------------------------------------
     0 | Abyss:1  | dickylongcocking the Formicid Abyssal Knight began the
                  | quest for the Orb.
     0 | Abyss:1  | Reached XP level 1. HP: 18/18 MP: 2/2
    19 | D:1      | Escaped the Abyss
    97 | D:1      | Reached XP level 2. HP: 9/25 MP: 3/3
   373 | D:1      | Reached skill level 1 in Dodging
   461 | D:1      | Reached skill level 4 in Fighting
   474 | D:1      | Reached XP level 3. HP: 27/30 MP: 4/4
   510 | D:1      | Reached ** piety under Lugonu
  1388 | D:2      | Reached XP level 4. HP: 26/37 MP: 5/5
  1666 | D:2      | You fall into a shaft and drop 2 floors!
  1666 | D:4      | Noticed Pikel
  1666 | D:4      | Noticed a lemure
  1666 | D:4      | Noticed a lemure
  1666 | D:4      | Noticed a lemure
  1666 | D:4      | Noticed a lemure
  1674 | D:4      | HP: 1/37 [hound (3)]
  1675 | D:4      | Slain by a lemure

Illustrated notes

Levels and vault maps discovered:
D:1:      dpeg_arrival_triangle_fractal, layout_loops_ring, minivault_14,
          minmay_splitting_lines, item_on_display_a
D:2:      layout_basic, minmay_circle_x, uniq_jessica
D:4:      layout_basic, led_sif_book, serial_shops, shop,
          nicolae_ossuary_entry_false_entrances, uniq_pikel

Skill      XL: |  1  2 |
---------------+-------+-----
Dodging        | 1 |  1.3
Fighting       | 4 |  4.3
Polearms       | |  2.8
Armour         | |  2.4
Stealth        | |  0.2
Invocations    | |  2.4

Action                   |  1- 3 |  4- 6 || total
-------------------------+-------+-------++-------
Melee: Spear             |   145 |    17 ||   162
 Abil: Dig               |     1 |       ||     1
  Use: Potion            |     1 |     1 ||     2
 Stab: Sleeping          |     1 |       ||     1
Armor: Leather armour    |    26 |     6 ||    32
Dodge: Dodged            |    80 |    14 ||    94

Table legend: (Time is in decaauts)
 A = Elapsed time spent in this place.
 B = Non-inter-level travel time spent in this place.
 C = Inter-level travel time spent in this place.
 D = Time resting spent in this place.
 E = Time spent auto-exploring this place.
 F = Levels seen in this place.
 G = Mean time per level.
                   A        B        C        D        E       F      G
               +--------+--------+--------+--------+--------+-----+--------+
         Total |   1670 |   1648 |     22 |    249 |   1114 |   4 |  417.5 |
       Dungeon |   1651 |   1629 |     22 |    249 |   1105 |   3 |  550.3 |
         Abyss |     19 |     19 |      0 |      0 |      9 |   1 |   19.0 |
               +--------+--------+--------+--------+--------+-----+--------+

Top non-repeatable levels by time:
     D:1: 1256 daAuts
     D:2: 386 daAuts
 Abyss:1: 19 daAuts
     D:4: 8 daAuts
